 Dungeon Crawl Stone Soup version 0.20.1-1-g8b1a95d (webtiles) character file.

95 vishdafish the Skirmisher (level 4, -9/35 HPs)
             Began as a Demonspawn Fighter on July 3, 2017.
             Mangled by Terandir's ghost (15 damage)
             ... on level 3 of the Dungeon.
             The game lasted 00:02:25 (1870 turns).

vishdafish the Skirmisher (Demonspawn Fighter)      Turns: 1870, Time: 00:02:26

Health: -9/35      AC:  6    Str: 22    XL:     4   Next: 40%
Magic:  4/4        EV:  7    Int:  9    God:
Gold:   109        SH:  9    Dex: 13    Spells: 3/3 levels left

rFire    . . .     SeeInvis .   a - +0 trident
rCold    . . .     Gourm    .   c - +0 shield
rNeg     . . .     Faith    .   b - +0 scale mail
rPois    .         Spirit   .   (helmet restricted)
rElec    .         Reflect  .   (no cloak)
rCorr    .         Harm     .   (no gloves)
MR       .....                  (no boots)
Stlth    ..........             (no amulet)
Regen    0.2/turn               (no ring)
MPRegen  0.1/turn               (no ring)

@: mighty
A: horns 1
a: no special abilities


You were on level 3 of the Dungeon.
You were not hungry.

You visited 1 branch of the dungeon, and saw 3 of its levels.

You collected 109 gold pieces.

Inventory:

Hand Weapons
 a - a +0 trident (weapon)
Armour
 b - a +0 scale mail (worn)
 c - a +0 shield (worn)
Scrolls
 e - a scroll of random uselessness {unknown}
 h - 2 scrolls of amnesia {unknown}
 i - 3 scrolls of teleportation {unknown}
 l - 2 scrolls of remove curse {unknown}
 n - 3 scrolls of identify {unknown}
 o - a scroll of recharging {unknown}
 p - a scroll of noise {unknown}
Potions
 d - a potion of might
 g - a potion of invisibility {unknown}
 k - 2 potions of agility {unknown}
 m - a potion of magic {unknown}
Comestibles
 f - 3 bread rations
 j - a royal jelly


   Skills:
 + Level 3.5 Fighting
 + Level 3.1 Polearms
 + Level 3.3 Armour
 + Level 0.1 Dodging
 + Level 2.9 Shields


You had 3 spell levels left.
You didn't know any spells.

Dungeon Overview and Level Annotations

Branches:
Dungeon (3/15)

Altars:
Okawaru

Annotations:
D:3 Terandir's ghost, amateur MiFi


Innate Abilities, Weirdness & Mutations

You have a pair of small horns on your head.


Message History

Terandir's ghost is heavily damaged.
You block Terandir's ghost's attack.
Your shield and scale mail prevent you from hitting Terandir's ghost.
Terandir's ghost is heavily damaged.
Terandir's ghost completely misses you.
You puncture Terandir's ghost!
Terandir's ghost is severely damaged.
Terandir's ghost barely misses you.
Your shield and scale mail prevent you from hitting Terandir's ghost.
Terandir's ghost is severely damaged.
Terandir's ghost hits you!
* * * LOW HITPOINT WARNING * * *
You hit Terandir's ghost but do no damage.
Your headbutt misses Terandir's ghost.
Terandir's ghost is severely damaged.
Terandir's ghost barely misses you.
You completely miss Terandir's ghost.
Terandir's ghost is severely damaged.
You block Terandir's ghost's attack. Terandir's ghost hits you!
You die...

#### ..#
#W#####.#
#@......#
#†#######
... ###.#
.. ...
... #...


You could see Terandir's ghost.

Vanquished Creatures
  4 adders (D:2)
  2 oozes (D:2)
  A worm (D:2)
  A dart slug (D:2)
  A leopard gecko (D:2)
  2 giant cockroaches
  7 goblins
  5 hobgoblins
  4 jackals
  2 ball pythons (D:1)
  5 bats
  2 frilled lizards
  6 kobolds
  4 rats
46 creatures vanquished.

Notes
Turn   | Place    | Note
-------+----------+-------------------------------------------
     0 | D:1      | vishdafish the Demonspawn Fighter began the quest for the Orb.
     0 | D:1      | Reached XP level 1. HP: 18/18 MP: 1/1
   234 | D:1      | Gained mutation: You have a pair of small horns on your head. [demonic ancestry]
   234 | D:1      | Reached XP level 2. HP: 23/24 MP: 2/2
   731 | D:2      | Reached XP level 3. HP: 29/29 MP: 3/3
  1021 | D:2      | Found an iron altar of Okawaru.
  1428 | D:2      | Reached XP level 4. HP: 32/35 MP: 4/4
  1855 | D:3      | Noticed Terandir's ghost (amateur MiFi)
  1870 | D:3      | Mangled by Terandir's ghost

Skill      XL: |  1  2  3  4 |
---------------+-------------+-----
Polearms       | 2 3 |  3.1
Armour         | 3 |  3.3
Fighting       | |  3.5
Dodging        | |  0.1
Shields        | |  2.9

Action                   |  1- 3 |  4- 6 || total
-------------------------+-------+-------++-------
Melee: Trident           |   116 |    54 ||   170
       Headbutt          |     5 |     7 ||    12
  Use: Potion            |       |     1 ||     1
  Eat: Chunk             |     1 |     2 ||     3
Armor: Scale mail        |    43 |    15 ||    58
Dodge: Dodged            |    26 |    12 ||    38
Block: Shield            |    51 |    18 ||    69
